Map: Lightshade LE

Players

Reynor

  • Race: Zerg Zerg

cure - Winner!

  • Race: Terran Terran

Event: ASUS ROG Fall 2021

VOD

Have the link to the VOD?

Description

Time

  • Played on: Sept. 18, 2021, 6:44 a.m.
  • Length: 18:27

All games in this series

Show
View Real Time Build Order
Export as new Build Order

Reynor Zerg 

Build Orders: Hatch First 

Get SALT Encoding   

  12  0:00  Drone  
  13  0:12  Overlord  
  13  0:17  Drone  
  14  0:30  Drone  
  14  0:31  Drone  
  16  0:48  Hatchery  
  15  0:51  Drone  
  15  0:55  Drone  
  17  0:58  Drone  
  18  1:09  Extractor  
  17  1:13  Spawning Pool  
  17  1:17  Drone  
  17  1:20  Drone  
  18  1:28  Drone  
  19  1:38  Drone  
  20  1:49  Overlord  
  20  2:00  Queen x2  
  20  2:01  Zergling x4  
  26  2:11  Drone x2  
  26  2:13  Metabolic Boost  
  28  2:21  Drone  
  28  2:22  Drone  
  30  2:34  Hatchery  
  30  2:36  Drone  
  30  2:39  Drone  
  31  2:44  Queen  
  31  2:49  Overlord  
  33  2:52  Drone  
  33  2:55  Drone  
  33  2:56  Drone  
  36  3:08  Drone x2  
  36  3:09  Drone x3  
  41  3:14  Overlord  
  41  3:17  Queen  
  41  3:18  Drone  
  44  3:26  Overlord  
  44  3:39  Overlord  
  44  3:44  Overlord  
  44  3:45  Drone  
  44  3:47  Queen x2  
  49  3:48  Zergling x4  
  49  3:51  Drone  
  49  3:52  Drone x2  
  53  3:59  Drone x3  
  53  4:00  Queen  
  58  4:04  Spore Crawler  
  58  4:05  Drone  
  58  4:13  Zergling x6  
  60  4:19  Overlord  
  60  4:20  Zergling x2  
  60  4:23  Drone  
  62  4:25  Lair  
  62  4:30  Drone x4  
  66  4:34  Extractor  
  66  4:35  Drone  
  66  4:36  Baneling Nest, Overlord  
  65  4:39  Drone x2  
  65  4:40  Drone x2  
  69  4:47  Drone x3  
  69  4:50  Drone  
  74  4:52  Drone  
  74  4:53  Baneling Nest  
  73  5:00  Zergling x2  
  73  5:01  Zergling x4  
  73  5:02  Drone x3  
  73  5:03  Drone  
  73  5:06  Overlord  
  79  5:07  Drone  
  79  5:10  Zergling x2  
  81  5:15  Overlord  
  81  5:23  Queen  
  81  5:26  Zergling x10  
  88  5:28  Zergling x2  
  88  5:30  Centrifical Hooks  
  88  5:33  Overlord x2  
  91  5:35  Zergling x4  
  91  5:36  Extractor  
  91  5:39  Zergling x4  
  91  5:40  Hatchery  
  91  5:41  Zergling x8  
  96  5:49  Drone  
  97  5:50  Evolution Chamber  
  97  5:53  Zergling x10  
  101  6:01  Zergling x2  
  101  6:02  Queen, Baneling x5  
  104  6:05  Baneling x4  
  104  6:06  Zergling x4  
  104  6:07  Queen x2  
  104  6:09  Overlord  
  104  6:10  Zergling x6  
  113  6:12  Baneling x2  
  113  6:13  Zergling x2  
  113  6:15  Baneling  
  113  6:18  Overlord  
  114  6:25  Zergling x6  
  114  6:30  Zergling x10  
  116  6:34  Zergling x2  
  116  6:38  Zergling x6  
  116  6:39  Zergling x10  
  111  6:44  Drone  
  107  6:50  Baneling  
  107  6:51  Baneling x4, Zerg Ground Armor Level 1  
  107  6:52  Zergling x4  
  109  6:55  Zergling x4  
  109  6:57  Baneling x2  
  109  7:00  Queen  
  113  7:03  Zergling x8  
  113  7:06  Baneling x3  
  117  7:11  Overlord  
  117  7:14  Drone x3  
  119  7:16  Zergling x6  
  107  7:24  Zergling x10  
  107  7:25  Zergling x4  
  107  7:26  Zergling x4  
  107  7:29  Zergling x2  
  107  7:35  Zergling x4  
  109  7:38  Zergling x2  
  109  7:43  Baneling x5  
  110  7:44  Drone x2  
  110  7:46  Drone  
  110  7:48  Zergling x2  
  110  7:49  Hatchery  
  110  7:50  Baneling x6  
  110  7:51  Baneling x3  
  113  7:53  Zergling x2  
  113  7:54  Queen  
  113  7:56  Zergling x4  
  113  7:58  Baneling x3  
  118  7:59  Zergling x2  
  118  8:00  Zergling x2  
  118  8:05  Zergling x12  
  126  8:10  Zergling x4  
  126  8:11  Overlord  
  128  8:16  Zergling x2  
  128  8:18  Zergling x12  
  134  8:22  Zergling x6  
  136  8:27  Drone  
  136  8:30  Queen x2, Drone  
  136  8:34  Zergling x14  
  146  8:36  Drone  
  146  8:37  Evolution Chamber  
  149  8:42  Zergling x6  
  149  8:45  Overlord  
  152  8:52  Spore Crawler, Baneling x4  
  152  8:53  Baneling x3  
  152  8:55  Overlord  
  151  9:00  Queen x2  
  155  9:06  Zergling x6  
  155  9:07  Zergling x16  
  165  9:12  Drone x3  
  165  9:14  Overlord  
  165  9:22  Drone x5  
  169  9:24  Drone x2  
  169  9:25  Spore Crawler, Drone x2  
  169  9:27  Zerg Melee Weapons Level 1  
  173  9:31  Drone  
  173  9:33  Zerg Ground Armor Level 2  
  173  9:47  Overlord  
  173  9:49  Zergling x10  
  173  9:50  Zergling x2, Infestation Pit  
  177  9:54  Zergling x8  
  177  9:58  Overlord  
  181  10:01  Hatchery  
  180  10:09  Zergling x18  
  180  10:12  Overlord  
  189  10:18  Zergling x2  
  189  10:19  Zergling x16  
  197  10:30  Burrow, Hive  
  197  10:31  Zergling x6  
  200  10:38  Baneling x6  
  181  11:16  Zergling x2  
  181  11:17  Zergling x52  
  185  11:21  Baneling x23  
  185  11:22  Baneling x3  
  185  11:25  Baneling x2  
  176  11:26  Zergling x6  
  176  11:27  Queen x3  
  186  11:32  Zergling x2  
  186  11:33  Zergling x18  
  186  11:36  Overlord  
  186  11:37  Baneling  
  186  11:38  Baneling x2  
  195  11:40  Zergling x4  
  187  11:48  Zergling x6  
  187  11:50  Zergling x6  
  187  11:53  Queen x2  
  145  11:55  Zergling x8  
  145  12:00  Zergling x16  
  153  12:09  Zergling x8  
  153  12:15  Zergling x4  
  159  12:17  Zergling x4  
  159  12:18  Queen x2  
  159  12:21  Zergling x2, Baneling x12  
  159  12:22  Zergling x12  
  172  12:26  Zergling x4  
  174  12:34  Baneling x7  
  174  12:35  Queen, Drone x4  
  180  12:38  Zergling x6  
  180  12:43  Zergling x2  
  182  12:47  Spore Crawler  
  182  12:48  Drone x4  
  182  12:50  Baneling x24  
  185  12:57  Zergling x16  
  193  13:06  Baneling x7  
  193  13:09  Zergling x14  
  197  13:26  Drone x3  
  200  13:30  Extractor  
  200  13:34  Spore Crawler  
  196  13:35  Spore Crawler  
  196  13:40  Zergling x16  
  199  13:55  Zergling x22  
  199  13:56  Zergling x2  
  199  13:57  Zergling x12  
  199  13:59  Zergling x14  
  194  14:04  Drone x5  
  194  14:08  Zergling x4  
  194  14:09  Zergling x4  
  197  14:16  Drone x2  
  199  14:21  Baneling x13  
  199  14:25  Zergling x2  
  199  14:27  Zergling x4  
  199  14:28  Zergling x4  
  194  14:36  Zergling x14  
  199  14:41  Extractor  
  199  14:43  Queen x13  
  187  14:54  Viper  
  187  14:55  Viper x2  
  187  14:57  Zergling x34  
  187  14:59  Zergling x2  
  177  15:08  Zergling x2  
  177  15:09  Zergling x8  
  177  15:12  Baneling x5  
  177  15:13  Spore Crawler, Baneling x2  
  181  15:17  Drone x3  
  181  15:18  Zergling x12, Hatchery  
  181  15:19  Extractor  
  188  15:22  Zergling x4  
  188  15:24  Zergling x2  
  188  15:26  Baneling x4  
  188  15:27  Baneling x6  
  188  15:28  Baneling x5  
  188  15:30  Zergling x8  
  188  15:33  Zergling x8  
  188  15:34  Zergling x4  
  197  15:37  Zergling x4  
  197  15:38  Baneling  
  197  15:39  Baneling x4  
  199  15:54  Extractor  
  199  15:55  Spore Crawler  
  189  16:08  Zergling x44  
  190  16:12  Zergling x8  
  190  16:13  Zergling x4  
  173  16:20  Zergling x4  
  173  16:21  Zergling x6  
  173  16:24  Baneling x18  
  159  16:26  Zergling x12  
  159  16:30  Zergling x2  
  152  16:38  Zergling x14  
  150  16:44  Zergling x6  
  148  16:53  Baneling x4  
  148  16:54  Baneling x4  
  148  16:55  Baneling x7  
  148  16:56  Drone x6  
  148  16:59  Viper  
  151  17:05  Hatchery  
  151  17:08  Viper  
  153  17:11  Zergling x10  
  158  17:21  Zergling x8  
  158  17:22  Hatchery  
  154  17:31  Zergling x12  
  160  17:42  Zergling x8  
  145  18:07  Zergling x16  
Show
View Real Time Build Order
Export as new Build Order

cure Terran - Winner!

Build Orders:  

Get SALT Encoding   

  12  0:00  SCV  
  13  0:12  SCV  
  14  0:17  Supply Depot  
  14  0:24  SCV  
  15  0:38  SCV  
  15  0:40  Barracks  
  16  0:43  Refinery  
  16  0:50  SCV  
  17  1:02  SCV  
  18  1:15  SCV  
  19  1:26  Marine  
  19  1:27  Orbital Command  
  20  1:38  Command Center  
  20  1:49  Factory  
  20  1:54  SCV  
  21  2:02  Barracks Reactor  
  21  2:06  SCV  
  22  2:10  Supply Depot  
  22  2:13  Refinery  
  22  2:18  SCV  
  23  2:31  SCV  
  23  2:33  Hellion  
  26  2:38  Marine  
  26  2:39  Marine, Starport  
  26  2:44  SCV  
  29  2:50  Orbital Command  
  29  2:56  SCV  
  29  2:58  Hellion  
  32  3:03  Marine x2  
  34  3:08  SCV  
  35  3:15  Medivac  
  35  3:18  Supply Depot  
  35  3:19  SCV  
  38  3:20  SCV  
  38  3:24  Widow Mine  
  41  3:27  Marine  
  41  3:28  Marine  
  41  3:31  SCV  
  41  3:32  SCV  
  45  3:38  Supply Depot  
  45  3:43  SCV  
  46  3:51  SCV  
  46  3:54  Barracks Tech Lab, Starport Reactor  
  48  3:55  SCV  
  48  3:58  Factory Tech Lab  
  48  3:59  Barracks  
  48  4:03  Barracks  
  48  4:05  SCV  
  48  4:07  SCV  
  50  4:10  Supply Depot  
  50  4:14  Marine  
  50  4:15  Stimpack  
  51  4:17  SCV  
  51  4:18  Siege Tank  
  51  4:19  SCV  
  56  4:25  Engineering Bay  
  56  4:26  Refinery  
  56  4:29  SCV  
  57  4:32  Marine, SCV  
  59  4:41  SCV, Starport Reactor  
  59  4:44  SCV  
  61  4:46  Marine  
  61  4:47  Marine  
  61  4:50  Supply Depot  
  63  4:53  Supply Depot, Terran Infantry Weapons Level 1  
  63  4:55  Siege Tank  
  63  4:58  Marine x2  
  68  5:01  SCV x2  
  69  5:08  Marine x3  
  69  5:12  Refinery  
  70  5:14  Supply Depot  
  70  5:15  Marine  
  70  5:16  Marine  
  70  5:17  Medivac  
  70  5:20  Medivac  
  76  5:25  SCV  
  76  5:26  Marine, SCV  
  76  5:27  Supply Depot  
  79  5:30  Marine x2  
  79  5:34  Siege Tank  
  84  5:41  Marine x2  
  86  5:43  Marine  
  86  5:48  Marine x2  
  89  5:51  Supply Depot  
  89  5:55  SCV x2, Combat Shield  
  91  5:58  Marine  
  91  6:04  Marine x2  
  92  6:05  Supply Depot  
  92  6:06  Marine x2  
  96  6:16  Medivac x2, Siege Tank  
  103  6:20  Supply Depot  
  103  6:29  Marine x5  
  106  6:33  SCV x2  
  91  6:47  Marine x5  
  91  6:48  Medivac x2  
  91  6:53  Terran Infantry Armor Level 1  
  98  6:57  Siege Tank  
  101  7:05  Marine x5  
  106  7:18  Command Center  
  93  7:26  Marine x5  
  93  7:29  Siege Tank  
  87  7:31  Liberator  
  90  7:43  Marine x4  
  90  7:44  Marine  
  94  7:50  Liberator  
  98  7:55  Barracks  
  98  7:57  Barracks  
  98  8:01  Marine x5  
  103  8:07  Siege Tank  
  103  8:09  Engineering Bay  
  106  8:12  Armory  
  106  8:13  SCV x2  
  106  8:19  Marine x5  
  113  8:26  Liberator  
  116  8:31  Orbital Command  
  116  8:37  Marine x5  
  116  8:39  Siege Tank  
  124  8:45  SCV x2  
  124  8:46  Barracks Reactor  
  124  8:47  Barracks Reactor  
  126  8:55  Marine  
  127  8:57  SCV x2  
  127  9:00  Orbital Command  
  127  9:01  Terran Infantry Armor Level 2, Terran Infantry Weapons Level 2  
  127  9:02  Marine x4  
  133  9:10  SCV x2  
  133  9:12  Marine  
  136  9:20  Marine x4  
  136  9:22  SCV  
  136  9:23  SCV  
  141  9:27  Supply Depot x2  
  141  9:33  Marine, Liberator  
  141  9:34  Liberator  
  148  9:38  Marine  
  149  9:46  Bunker  
  149  9:48  Marine x4, Supply Depot  
  149  9:52  Marine x4  
  157  9:58  Marine, Siege Tank  
  161  10:06  Marine x3, Supply Depot  
  164  10:09  Supply Depot  
  164  10:20  Marine  
  164  10:21  Marine x5  
  167  10:24  Marine  
  167  10:27  Marine x2  
  171  10:30  Siege Tank  
  174  10:37  Liberator  
  174  10:38  Marine x5  
  174  10:39  Marine, Liberator  
  186  10:43  Supply Depot  
  186  10:50  Marine x3  
  186  10:56  Marine  
  189  10:59  Marine  
  189  11:01  Marine x3  
  189  11:04  Marine  
  189  11:08  Marine x3  
  189  11:14  Marine  
  189  11:17  Marine  
  172  11:18  Marine  
  172  11:19  Marine x2  
  172  11:22  Marine  
  172  11:26  Marine x3  
  172  11:28  Siege Tank  
  172  11:29  Supply Depot  
  172  11:32  Marine  
  179  11:35  Marine  
  179  11:36  Marine  
  179  11:37  Marine  
  179  11:39  Marine, Orbital Command  
  183  11:40  Marine  
  183  11:43  Marine x2  
  184  11:53  Marine x3  
  122  11:54  Marine  
  122  11:55  Marine  
  122  12:01  Siege Tank  
  118  12:03  Marine x4  
  122  12:16  Marine x4  
  122  12:19  Marine  
  122  12:21  Marine x4  
  131  12:31  Terran Infantry Armor Level 3  
  131  12:36  Siege Tank  
  134  12:45  Marine x4  
  138  12:56  Barracks x2  
  138  13:05  Marine x4, Marauder  
  142  13:22  Siege Tank  
  142  13:23  Marine x4  
  151  13:27  Marine x4, Marauder  
  151  13:31  Medivac  
  157  13:37  Orbital Command  
  157  13:40  Marine x2  
  157  13:41  Marine x2  
  158  13:43  SCV x2  
  158  13:45  Marine x3  
  155  13:51  Marine  
  155  13:52  Marauder  
  155  13:54  Siege Tank  
  155  13:55  SCV  
  164  13:58  Marine  
  164  14:00  Marine x2  
  156  14:04  Barracks Tech Lab  
  156  14:05  Barracks Tech Lab  
  151  14:12  Marine x2, Medivac x2  
  151  14:13  Marauder  
  159  14:24  SCV x2  
  159  14:27  Marine x4  
  159  14:28  Marauder x2  
  165  14:33  Marine x2, Siege Tank  
  165  14:35  Marauder  
  172  14:48  Marine x4  
  172  14:49  Marauder x2  
  177  14:58  Marine x4, Orbital Command, Marauder  
  148  15:06  Marine x4  
  146  15:10  Marauder  
  148  15:26  Siege Tank  
  151  15:30  Liberator x2  
  151  15:34  Marine x2  
  158  15:44  Marine x4  
  158  15:45  Marauder x2  
  166  15:52  Sensor Tower  
  166  15:58  Siege Tank  
  166  16:04  Marine x2  
  166  16:05  Marauder  
  166  16:11  Marine x4, Marauder  
  159  16:12  Marine x2, Marauder  
  139  16:22  Marine x2  
  137  16:26  Marauder  
  137  16:29  Marine x2  
  137  16:33  Marauder x2  
  137  16:36  Marine x4  
  130  16:48  Marauder  
  130  16:51  Marine x2  
  134  16:54  Marauder x2  
  136  17:10  Marine, Marauder  
  138  17:15  Concussive Shells  
  138  17:16  Marine, Marauder  
  138  17:22  Marauder  
  143  17:23  Marine  
  143  17:27  Marine  
  131  17:33  Marine  
  131  17:34  Marauder  
  134  17:39  Liberator  
  137  17:46  Marine  
  137  17:47  Marauder  
  138  17:58  Marine x2  
  138  17:59  Marauder  
  138  18:05  Marine x2, Marauder  
Tags
 
Add a new tag
Caveats
  • Supply blocks, unpowered buildings, or Contaminate may cause inaccurate times.
  • Supply counts are checked every 10 seconds.